 Dungeon Crawl Stone Soup version 0.28-a0-100-g47d82705ae (webtiles) character file.

Game seed: 10402804100568647225

37 PentaManta the Insei (level 3, 0/26 HPs)
             Began as a Merfolk Transmuter on Aug 10, 2021.
             Slain by a ball python (2 damage)
             ... on level 2 of the Dungeon.
             The game lasted 00:02:00 (1580 turns).

PentaManta the Insei (Merfolk Transmuter)           Turns: 1580, Time: 00:02:00

Health: 0/26       AC:  2    Str: 10    XL:     3   Next: 41%
Magic:  6/6        EV: 12    Int: 12    God:
Gold:   82         SH:  0    Dex: 15    Spells: 5/6 levels left

rFire   . . .      SeeInvis .     - Unarmed
rCold   . . .      Faith    .   (no shield)
rNeg    . . .      Spirit   .   a - +0 robe
rPois   .          Reflect  .   (no helmet)
rElec   .          Harm     .   (no cloak)
rCorr   .          Rampage  .   (no gloves)
Will    .....                   (no boots)
Stlth   +.........              (no amulet)
HPRegen 0.08/turn               (no ring)
MPRegen 0.10/turn               (no ring)

@: no status effects
A: (nimble swimmer 2), mertail
a: no special abilities


You were on level 2 of the Dungeon.
You visited 1 branch of the dungeon, and saw 2 of its levels.

You collected 82 gold pieces.

Inventory:

Hand Weapons
 i - a +0 hunting sling
Armour
 a - a +0 robe (worn)
Jewellery
 c - a +4 ring of slaying
 g - a ring of flight
Scrolls
 e - a scroll of identify {unknown}
 f - a scroll of magic mapping {unknown}
Potions
 b - a potion of ambrosia {unknown}
 h - a potion of curing {unknown}


   Skills:
 - Level 1.1 Fighting
 - Level 2.6 Dodging
 + Level 4.8 Unarmed Combat
 - Level 2.0 Spellcasting
 - Level 2.6 Transmutations


You had 5 spell levels left.
You knew the following spells:

 Your Spells              Type           Power      Damage    Failure   Level
a - Beastly Appendage     Tmut           14%        N/A       9%          1

Your spell library contained the following spells:

 Spells                   Type           Power      Damage    Failure   Level
 Wereblood                Tmut           7%         N/A       14%         2
 Spider Form              Tmut/Pois      2%         N/A       43%         3
 Ice Form                 Ice/Tmut       4%         N/A       83%         4


Dungeon Overview and Level Annotations

Branches:
Dungeon (2/15)

Altars:


Innate Abilities, Weirdness & Mutations

((You are quick and stealthy near water. (Stealth+, EV+, Speed+++)))
Your lower body shifts to a powerful aquatic tail in water.


Message History

The ball python constricts you. The adder bites you but does no damage.
You escape the ball python's grasp.
You feel sick.
You feel sick.
You feel sick. The adder barely misses you.
There is a stone staircase leading up here.
You feel sick. The adder bites you. The ball python bites you.
* * * LOW HITPOINT WARNING * * *
The ball python grabs you.
You stop ascending the stairs.
The ball python constricts you.
You feel much better.
You feel sick. The adder barely misses you.
The ball python bites you but does no damage.
The ball python constricts you.
You closely miss the adder. The adder closely misses you.
The ball python bites you. The ball python constricts you. The adder bites you.
You punch the adder!
The adder is severely wounded.
You feel sick. The ball python bites you. The ball python constricts you.
The adder bites you.
You closely miss the adder.
The adder is severely wounded.
You feel sick.
You are no longer poisoned.
The ball python bites you. The ball python constricts you.
The adder misses you.
You barely miss the adder.
The adder is severely wounded.
The ball python bites you. The ball python constricts you.
The adder misses you.
You miss the adder.
The adder is severely wounded.
The ball python barely misses you. The ball python constricts you.
The adder bites you.
* * * LOW HITPOINT WARNING * * *
You hit the adder.
You kill the adder!
The ball python bites you.
* * * LOW HITPOINT WARNING * * *
The ball python constricts you.
You escape the ball python's grasp.
The ball python bites you.
You die...

## ####.....
...############ #......##
#............###.####.##
##..###.##..........##.##
......#.##.##..)....##...
##..#......##.###...##.##
.........#####.#........#
....####.#####.#.##..†###
##......@<....#........#
..?....#.S...#........#.##
###.##.#.###.#.###.#..#.#.
.. #.#.# ...# #.#...... .
#.#.# #.# #.#..#.#. #.#..
..........## ..###
#####.#### ## #. #


You could see a ball python.

Vanquished Creatures
  An adder (D:2)
  A worm (D:2)
  A dart slug (D:1)
  3 endoplasms
  A giant cockroach (D:1)
  2 goblins (D:1)
  2 hobgoblins
  4 ball pythons
  2 bats (D:1)
  3 frilled lizards
  3 kobolds
  3 rats
26 creatures vanquished.

Notes
Turn   | Place    | Note
-------+----------+-------------------------------------------
     0 | D:1      | PentaManta the Merfolk Transmuter began the quest for the
                  | Orb.
     0 | D:1      | Reached XP level 1. HP: 15/15 MP: 3/3
   309 | D:1      | Reached XP level 2. HP: 17/21 MP: 5/5
   319 | D:1      | Reached skill level 4 in Unarmed Combat
  1003 | D:1      | Found a faded altar of an unknown god.
  1515 | D:2      | Reached XP level 3. HP: 26/26 MP: 6/6
  1580 | D:2      | Slain by a ball python

Illustrated notes

Levels and vault maps discovered:
D:1:      minmay_arrival_nine_rooms, layout_basic, ebering_ecumenical_altar_mist
D:2:      layout_loops_cross

Skill      XL: |  1  2 |
---------------+-------+-----
Unarmed Combat | 4 |  4.8
Fighting       | |  1.1
Dodging        | |  2.6
Spellcasting   | |  2.0
Transmutations | |  2.6

Action                   || total
-------------------------++-------
Melee: Unarmed           ||    90
       Punch             ||     3
  Use: Potion            ||     2
 Stab: Sleeping          ||     1
Armor: Robe              ||    22
Dodge: Dodged            ||    50

Table legend: (Time is in decaauts)
 A = Elapsed time spent in this place.
 B = Non-inter-level travel time spent in this place.
 C = Inter-level travel time spent in this place.
 D = Time resting spent in this place.
 E = Time spent auto-exploring this place.
 F = Levels seen in this place.
 G = Mean time per level.
                   A        B        C        D        E       F      G
               +--------+--------+--------+--------+--------+-----+--------+
         Total |   1572 |   1553 |     19 |      0 |   1364 |   2 |  786.0 |
       Dungeon |   1572 |   1553 |     19 |      0 |   1364 |   2 |  786.0 |
               +--------+--------+--------+--------+--------+-----+--------+

Top non-repeatable levels by time:
     D:1: 1103 daAuts
     D:2: 469 daAuts
